 Dungeon Crawl Stone Soup version 0.28-a0-60-g54b5640690 (webtiles) character file.

Game seed: 3282493497647848470

5 SkeletonJelly the Sneak (level 1, 0/14 HPs)
             Began as a Tengu Delver on July 30, 2021.
             Slain by a quokka (2 damage)
             ... on level 2 of the Dungeon.
             The game lasted 00:01:27 (321 turns).

SkeletonJelly the Sneak (Tengu Delver)               Turns: 321, Time: 00:01:28

Health: 0/14       AC:  3    Str: 12    XL:     1   Next: 80%
Magic:  2/2        EV: 12    Int: 10    God:
Gold:   4          SH:  0    Dex: 15    Spells: 0/0 levels left

rFire   . . .      SeeInvis .   a - +0 falchion
rCold   . . .      Faith    .   (no shield)
rNeg    . . .      Spirit   .   b - +0 leather armour
rPois   .          Reflect  .   (helmet restricted)
rElec   .          Harm     .   (no cloak)
rCorr   .          Rampage  .   (no gloves)
Will    .....                   (boots unavailable)
Stlth   +++.......              (no amulet)
HPRegen 0.04/turn               (no ring)
MPRegen 0.08/turn               (no ring)

@: no status effects
A: beak, talons 3
a: no special abilities


You were on level 2 of the Dungeon.
You visited 1 branch of the dungeon, and saw 4 of its levels.

You collected 4 gold pieces.

Inventory:

Hand Weapons
 a - a +0 falchion (weapon)
 h - a +0 dagger of holy wrath
Armour
 b - a +0 leather armour (worn)
Wands
 g - a wand of digging (3)
Scrolls
 c - a scroll of fog
 d - a scroll of magic mapping
 e - a scroll of fear
Potions
 f - a potion of haste


   Skills:
 - Level 3.0 Fighting
 * Level 2.6 Long Blades
 - Level 2.2 Dodging
 - Level 5.0 Stealth


You couldn't memorise any spells.
You didn't know any spells.
Your spell library was empty.

Dungeon Overview and Level Annotations

Branches:
Dungeon (5/15)
 Temple: D:4-7

Altars:

Shops:
D:5 !


Innate Abilities, Weirdness & Mutations

You have a beak for a mouth.
You have claws for feet.


Message History

You take 5 damage, and have 9/14 hp.
MASSIVE DAMAGE!!
You hit the orc but do no damage. Your peck misses the orc. The orc misses you.
You closely miss the orc. The orc barely misses you.
You riposte.
You hit the orc. You claw the orc.
You kill the orc!
An orc comes into view. It is wielding a +0 hand axe.
Things that are here:
a +0 club; a +0 leather armour You open the door.
There is an open door here.
Unknown command.
A kobold comes into view. It is wielding a +0 short sword.
The kobold hits you with a +0 short sword.
You take 3 damage, and have 8/14 hp.
MASSIVE DAMAGE!!
You hit the kobold.
The kobold is severely wounded.
The kobold closely misses you.
You riposte.
You barely miss the kobold. Your kick misses the kobold. You peck the kobold.
You kill the kobold!
Things that are here:
a +0 short sword; 3 stones
Things that are here:
a +0 short sword; 3 stones You start resting.
HP restored.
Health restored: 14
Things that are here:
a +0 short sword; 3 stones An orc comes into view.
It is wielding a +1 flail of venom.
The orc shouts!
You open the door.
A bat comes into view.
Found a robe.
Found a purple potion.
There is an open door here.
The bat barely misses you. The bat hits you but does no damage.
You open the door. The bat hits you.
You take 1 damage, and have 13/14 hp.
Found a stone staircase leading up.
There is an open door here.
The bat barely misses you.
You riposte.
You hit the bat but do no damage. You claw the bat, but do no damage.
The bat hits you but does no damage. The bat hits you but does no damage.
The bat misses you. The bat hits you but does no damage.
There is a stone staircase leading up here.
The bat hits you but does no damage.
You climb upwards.
A ball python comes into view.
There is a stone staircase leading down here.
A gnoll comes into view. It is wielding a +0 whip.
A rat comes into view.
A worm comes into view.
The rat bites you but does no damage.
A goblin comes into view.
It is wielding a +0 dagger of holy wrath.
The goblin shouts!
A bat comes into view.
The rat closely misses you. The rat bites you.
You take 1 damage, and have 12/14 hp.
The bat misses you. The bat barely misses you.
The goblin hits you with a +0 dagger of holy wrath.
You take 1 damage, and have 11/14 hp.
The bat closely misses you.
The goblin hits you with a +0 dagger of holy wrath.
You take 1 damage, and have 10/14 hp.
You closely miss the rat. Your kick misses the rat. You peck the rat.
You kill the rat!
The bat closely misses you.
You riposte.
You miss the bat. You claw the bat.
You kill the bat!
You hit the goblin. You claw the goblin, but do no damage. You peck the goblin.
You kill the goblin!
You see here a +0 dagger of holy wrath.
You hit the worm. Your kick misses the worm.
The worm is moderately wounded.
The worm bites you!
Ouch! That really hurt!
* * * LOW HITPOINT WARNING * * *
You take 7 damage, and have 3/14 hp.
MASSIVE DAMAGE!!
You hit the worm. Your peck misses the worm.
The worm is heavily wounded.
The worm closely misses you.
You hit the worm.
The worm is severely wounded.
An endoplasm comes into view.
You see here a +0 dagger of holy wrath.
h - a +0 dagger of holy wrath The gnoll shouts!
A quokka comes into view.
A bat comes into view.
You hit the quokka. Your kick misses the quokka.
You peck the quokka, but do no damage.
The quokka is severely wounded.
The quokka bites you.
* * * LOW HITPOINT WARNING * * *
The quokka bites you.
You die...

#############
.b....r@....#
.##########.#
######.# #g.....#
.....#..#
##.#.#..#
.#.#.#..######## #
#..............#
.#.#.###..######.#


You could see a quokka and a bat (asleep).

Vanquished Creatures
  An orc (D:3)
  A goblin (D:2)
  A bat (D:2)
  A kobold (D:3)
  A rat (D:2)
5 creatures vanquished.

Notes
Turn   | Place    | Note
-------+----------+-------------------------------------------
     0 | D:5      | SkeletonJelly the Tengu Delver began the quest for the Orb.
     0 | D:5      | Reached XP level 1. HP: 14/14 MP: 2/2
     9 | D:5      | Found Zatzeit's Distillery.
    13 | D:5      | Noticed an ogre
   321 | D:2      | Slain by a quokka

Illustrated notes

Levels and vault maps discovered:
D:2:      layout_loops_ring, basic_altar, uniq_natasha
D:3:      layout_loops_corners, uniq_robin, uniq_jessica
D:4:      layout_gridville, minmay_temple_entry_gardened_gates,
          gammafunk_ghost_split
D:5:      lemuel_ratsnest, layout_cave_pools, mainiacjoe_overflow_catwalk,
          serial_shops, nicolae_shop_temple_entry_statues_fountains,
          hangedman_abyss_or_decor_passed

Action                   || total
-------------------------++-------
Melee: Falchion          ||     9
       Kick              ||     4
       Peck              ||     4
Armor: Leather armour    ||     6
Dodge: Dodged            ||    12
       Rpst.: Falchion   ||     4

Table legend: (Time is in decaauts)
 A = Elapsed time spent in this place.
 B = Non-inter-level travel time spent in this place.
 C = Inter-level travel time spent in this place.
 D = Time resting spent in this place.
 E = Time spent auto-exploring this place.
 F = Levels seen in this place.
 G = Mean time per level.
                   A        B        C        D        E       F      G
               +--------+--------+--------+--------+--------+-----+--------+
         Total |    321 |    321 |      0 |    141 |      0 |   4 |   80.2 |
       Dungeon |    321 |    321 |      0 |    141 |      0 |   4 |   80.2 |
               +--------+--------+--------+--------+--------+-----+--------+

Top non-repeatable levels by time:
     D:3: 228 daAuts
     D:2: 59 daAuts
     D:5: 19 daAuts
     D:4: 14 daAuts
